Unix xNetHack Version 8.0.0 - last build Jan 14 2024 16:46:22 (be4d3c81716514284228e1a23197c27ddb32b841). Game began 2024-03-07 00:11:25, ended 2024-03-07 00:20:08. Catomat, chaotic female elven Wizard -- --- -- -- .. -..----.---.--..- .....|........... ............. ....h.... -...G.- -.@..| |GGfW.- -......| ......-- ........ ..........- ---........ |........ |......... .......... ........--- ---.|.--- -- -- Catomat the Evoker St:10 Dx:16 Co:10 In:20 Wi:9 Ch:11 Chaotic S:1095 Dlvl:3 $:897 HP:0(14) Pw:16(16) AC:9 Exp:2 T:644 Latest messages: The door opens. You lash the jackal. The jackal bites! You kill the jackal! You see here a single-edged polearm. The door opens. You descend the stairs. Please move the cursor to an unknown object. (For instructions type a '?') Done. You climb up the stairs. The sewer rat bites! You miss the sewer rat. The sewer rat bites! You miss the sewer rat. The sewer rat bites! You feel more agile! You must have been working on your reflexes. You miss the sewer rat. The sewer rat bites! You miss the sewer rat. The sewer rat bites! Mewmew bites the sewer rat. The sewer rat misses Mewmew. You kill the sewer rat! The door opens. p - a scroll labeled EIRIS SAZUN IDISI {5}. You descend the stairs. q - a cyan potion {20}. r - a scroll labeled READ ME {5}. s - a scroll labeled ASHPD SODALG {5}. t - a dark potion {20}. u - an effervescent potion {20}. m - a cloudy potion {20} (2 in total). v - a pine wand {7}. w - a forked wand {7}. x - a brass ring {3}. y - a scroll labeled EIRIS SAZUN IDISI {5}. z - 4 scrolls labeled STRC PRST SKRZ KRK {20}. A - 2 brilliant blue potions {40}. $ - 869 gold pieces {8} (897 in total). There is a branch staircase up to the Dungeons of Doom here. There are many more objects here. Zoya's ghost wakes up. The kitten bites! The gnome swings her thonged club. The gnome bashes you! You die... Do you want your possessions identified? [ynq] (y) Do you want to see your attributes? [ynq] (y) Inventory: Inventory: 490/550 weight (27/52 slots) Coins $ - 897 gold pieces {9} Weapons n - a +0 bullwhip (weapon in hand) {20} a - a blessed +1 quarterstaff {40} Armor b - a blessed +0 cloak of magic resistance (being worn) {8} Comestibles k - a blessed tin of gourmet lichen {10} j - a blessed tin of stir fried kobold meat {10} l - an uncursed egg {1} Scrolls r - an uncursed scroll of create monster {5} p - an uncursed scroll of destroy armor {5} y - a cursed scroll of destroy armor {5} s - a cursed scroll of light {5} z - 4 cursed scrolls of magic mapping {20} Spellbooks c - a blessed spellbook of force bolt {35} d - a blessed spellbook of magic missile {40} e - an uncursed spellbook of protection {35} f - an uncursed spellbook of sleep {45} Potions u - a cursed potion of booze {20} t - a cursed potion of enlightenment {20} A - 2 cursed potions of extra healing {40} q - an uncursed potion of levitation {20} o - an uncursed potion of see invisible {20} m - 2 uncursed potions of sleeping {40} Rings h - an uncursed ring of poison resistance {3} x - a cursed ring of stealth {3} Wands w - a cursed wand of cancellation (0:4) {7} i - a wand of cold (0:6) {7} v - a cursed wand of lightning (0:7) {7} Tools g - an uncursed bugle {10} Catomat the Wizard's attributes: Background: You were an Evoker, a level 2 female elven Wizard. You were chaotic, on a mission for Anhur who was opposed by Ptah (lawful) and Thoth (neutral). You were heterosexual. You were in the Gnomish Mines, on level 3. You entered the dungeon 644 turns ago. It was the midnight hour. You had 22 experience points, 18 more were needed to attain level 3. Your score was 1095 before end-of-game adjustments. Basics: You had 0 out of 14 hit points. You had all 16 energy points (spell power). Your armor class was 9. Your wallet contained 897 zorkmids. Autopickup was on for '$"?!=/' plus thrown. Final Characteristics: Your strength was 10 (limit:18). Your dexterity was 16 (limit:18). Your constitution was 10 (limit:16). Your intelligence was 20 (limit:20). Your wisdom was 9 (limit:20). Your charisma was 11 (limit:18). Final Status: You were not hungry. You were unencumbered. You were wielding a whip. You had no skill with whip. Final Attributes: You were fervently aligned. You were magic-protected. You had infravision. You were warded. You are dead. Miscellaneous: You encountered 1 bones level. Total elapsed playing time was 7 minutes and 48 seconds. Major events: Turn 1: Catomat the chaotic female elven Wizard entered the dungeon 644: entered the Gnomish Mines 644: killed by a gnome Vanquished creatures: a jackal 2 kobolds a sewer rat 2 grid bugs 2 lichens 2 newts 10 creatures vanquished. No species were genocided or became extinct. Voluntary challenges: You were an atheist. You read items or engraved 2 times. You never genocided any monsters. You never polymorphed an object. You never changed form. You never touched an artifact. You used no wishes. You never scared an enemy with impunity. You were celibate. You never generated conflict. Achievement: You entered the Gnomish Mines. Dungeon overview: The Dungeons of Doom: levels 1 to 3 Level 1: "lk-chest" Level 2: A fountain. Stairs down to The Gnomish Mines. Level 3: The Gnomish Mines: Level 3: <- You were here. Final resting place for you, killed by a gnome, zoya-Tou-Hum-Mal-Neu, killed by a gnome lord. Game over: __________ / \ / REST \ / IN \ / PEACE \ / \ | Catomat | | 897 Au | | killed by a | | gnome | | | | | | 2024 | *| * * * | * _________)/\\_//(\/(/\)/\//\/|_)_______ Goodbye Catomat the Wizard... You died in The Gnomish Mines on dungeon level 3 with 1006 points, and 897 pieces of gold, after 644 moves. You were level 2 with a maximum of 14 hit points when you died.